 Dungeon Crawl Stone Soup version 0.30.1-3-gfc49f6343a (webtiles) character file.

Game seed: 13869597049249980696

329 Wiggles the Chopper (level 6, -6/56 HPs)
             Began as a Minotaur Berserker on July 19, 2023.
             Was a Believer of Trog.
             Succumbed to Ijyb's poison
             ... on level 4 of the Dungeon.
             The game lasted 00:04:07 (2767 turns).

Wiggles the Chopper (Minotaur Berserker)            Turns: 2767, Time: 00:04:08

Health: -6/56      AC: 12    Str: 29    XL:     6   Next: 25%
Magic:  5/5        EV:  5    Int:  4    God:    Trog [**....]
Gold:   170        SH:  5    Dex: 10    Spells: 5/5 levels left

rFire   . . .        a - +0 hand axe
rCold   . . .        (no shield)
rNeg    . . .        t - +0 plate armour
rPois   .            (helmet restricted)
rElec   .            o - +0 cloak
rCorr   .            (no gloves)
SInv    +            (no boots)
Will    .....        m - amulet of reflection Stlth
                     q - ring of see invisible
HPRegen 0.29/turn    e - +6 ring of strength
MPRegen 0.09/turn

%: reflection
@: lethally poisoned (-6 -> -35), grasped by roots, constricted
A: horns 2, retaliatory headbutt
a: Renounce Religion, Berserk, Trog's Hand


You were on level 4 of the Dungeon.
You worshipped Trog.
Trog was pleased with you.
You visited 1 branch of the dungeon, and saw 4 of its levels.

You collected 170 gold pieces.

Inventory:

Hand Weapons
 a - a +0 hand axe (weapon)
Armour
 o - a +0 cloak (worn)
 t - a +0 plate armour (worn)
Jewellery
 e - a +6 ring of strength (right hand)
 m - an amulet of reflection (around neck)
 q - a ring of see invisible (left hand)
Wands
 k - a wand of polymorph (8)
 p - a wand of roots (11)
Scrolls
 b - a scroll of identify {unknown}
 f - 3 scrolls of enchant weapon {unknown}
 h - a scroll of vulnerability {unknown}
 i - a scroll of poison {unknown}
 r - 2 scrolls of torment {unknown}
 s - 2 scrolls of blinking {unknown}
 u - a scroll of enchant armour {unknown}
Potions
 c - 3 potions of attraction {unknown}
 d - a potion of degeneration {unknown}
 g - a potion of cancellation {unknown}
 j - 2 potions of curing {unknown}
 l - a potion of mutation {unknown}
 n - a potion of lignification {unknown}


   Skills:
 + Level 5.0 Fighting
 + Level 6.2 Axes
 + Level 3.6 Armour
 + Level 3.8 Dodging
 + Level 0.2 Stealth


You had 5 spell levels left.
You didn't know any spells.
Your spell library was empty.

Dungeon Overview and Level Annotations

Branches:
Dungeon (4/15)
 Temple: D:4-7

Altars:
Elyvilon
Qazlal
Zin
The Shining One

Annotations:
D:4 Ijyb


Innate Abilities, Weirdness & Mutations

You have a pair of horns on your head.
You reflexively headbutt those who attack you in melee.


Message History

The grasping roots constrict you.
You slash Ijyb!
Ijyb is almost dead.
You feel very sick. You block Ijyb's attack. The grasping roots constrict you.
You barely miss Ijyb. Your headbutt misses Ijyb.
Ijyb is almost dead.
You feel very sick.
Ijyb hits you with a +3 dagger of venom.
You are more poisoned.
The grasping roots constrict you.
The grasping roots release their grip on you.
You completely miss Ijyb.
Ijyb is almost dead.
You feel very sick.
Ijyb screams, "Die!"
Ijyb zaps a wand.
The roots erupt in riotous growth!
The grasping roots grab you!
Ijyb is unaffected.
The grasping roots constrict you.
You hit Ijyb but do no damage.
Ijyb is almost dead.
* * * LOW HITPOINT WARNING * * *
You feel very sick.
A goblin comes into view. It is wielding a +0 dagger.
Ijyb hits you but does no damage.
You are lethally poisoned!
The grasping roots constrict you.
* * * LOW HITPOINT WARNING * * *
You barely miss Ijyb.
Ijyb is almost dead.
* * * LOW HITPOINT WARNING * * *
You feel very sick.
Ijyb hits you with a +3 dagger of venom.
* * * LOW HITPOINT WARNING * * *
You are more poisoned.
The grasping roots constrict you.
* * * LOW HITPOINT WARNING * * *
You barely miss Ijyb. Your headbutt misses Ijyb.
Ijyb is almost dead.
You die...

#.# #.## #..#
##.# #.# #.#
#.#
######.####.#
..!.(...@g.g.#
#######.######
#.# #.. ###


You could see Ijyb and a goblin.

Vanquished Creatures
  Sigmund (D:2)
  A hound (D:4)
  8 adders
  3 worms
  A dart slug (D:1)
  2 ball pythons
  5 endoplasms
  5 giant cockroaches
  11 goblins
  6 hobgoblins
  5 kobolds
  4 quokkas
  5 bats
  4 frilled lizards
  8 rats
69 creatures vanquished.

Notes
Turn   | Place    | Note
-------+----------+-------------------------------------------
     0 | D:1      | Wiggles the Minotaur Berserker began the quest for the Orb.
     0 | D:1      | Reached XP level 1. HP: 19/19 MP: 0/0
   166 | D:1      | Reached skill level 4 in Axes
   185 | D:1      | Reached XP level 2. HP: 17/27 MP: 1/1
   618 | D:1      | Found a faded altar of an unknown god.
   696 | D:1      | Reached XP level 3. HP: 33/33 MP: 2/2
  1098 | D:2      | Noticed Sigmund
  1108 | D:2      | Killed Sigmund
  1109 | D:2      | Reached skill level 5 in Axes
  1109 | D:2      | Reached XP level 4. HP: 41/41 MP: 3/3
  1109 | D:2      | Reached XP level 5. HP: 47/47 MP: 4/4
  1120 | D:2      | Reached ** piety under Trog
  1744 | D:3      | Found a white marble altar of Elyvilon.
  1744 | D:3      | Found a glowing golden altar of the Shining One.
  1745 | D:3      | Found a glowing silver altar of Zin.
  1811 | D:3      | Found a stormy altar of Qazlal.
  1996 | D:3      | Reached skill level 6 in Axes
  2003 | D:3      | Reached XP level 6. HP: 32/53 MP: 5/5
  2592 | D:4      | Reached skill level 5 in Fighting
  2754 | D:4      | Noticed Ijyb
  2766 | D:4      | HP: 1/56 [constriction (3)]
  2767 | D:4      | Succumbed to Ijyb's poison

Illustrated notes

Levels and vault maps discovered:
D:1:      minmay_arrival_stone_box, layout_loops_corners,
          shapermc_ecumenical_altar_notcrosses, minmay_heptomino_w4
D:2:      layout_basic, uniq_sigmund
D:3:      layout_loops_ring, good_gods_mini_temple, grunt_qazlal_sundering,
          nicolae_half_adder
D:4:      layout_loops_ring, uniq_ijyb

Skill      XL: |  1  2  3  4  5  6 |
---------------+-------------------+-----
Axes           | 4 5 6 |  6.2
Fighting       | 4 5 |  5.0
Armour         | 3 |  3.6
Dodging        | 3 |  3.8
Stealth        | |  0.2

Action                     |  1- 3 |  4- 6 || total
---------------------------+-------+-------++-------
  Melee: Hand axe          |    67 |    91 ||   158
         Headbutt          |     8 |     6 ||    14
 Invoke: Berserk           |     1 |       ||     1
   Stab: Sleeping          |     1 |       ||     1
 Armour: Animal skin       |     5 |       ||     5
         Ring mail         |     4 |    30 ||    34
         Plate armour      |       |     9 ||     9
  Dodge: Dodged            |    46 |    55 ||   101
  Block: Other             |       |     2 ||     2
